Map: Cañón polvoriento

Players

MrFercho - Winner!

  • Race: Zerg Zerg
  • League: Silver
  • Spawn Location: 3:00

TATORREA - Winner!

  • Race: Protoss Protoss
  • League: Silver
  • Spawn Location: 5:00

Sigmar

  • Race: Protoss Protoss
  • Spawn Location: 9:00

JezARG

  • Race: Protoss Protoss
  • Spawn Location: 11:00

VOD

Have the link to the VOD?

Description

Time

  • Played on: May 15, 2020, 6:47 p.m.
  • Length: 23:54
Show
View Real Time Build Order
Export as new Build Order

MrFercho Zerg - Winner!

Build Orders: 1 Base Baneling Bust, Pool First, Muta Ling Bane 

Get SALT Encoding   

  12  0:01  Drone  
  13  0:18  Overlord  
  13  0:22  Drone  
  13  0:26  Extractor  
  13  0:30  Extractor, Drone  
  13  0:35  Drone  
  14  0:43  Drone  
  15  0:51  Drone  
  16  1:02  Drone  
  17  1:10  Spawning Pool  
  16  1:12  Drone  
  17  1:26  Drone  
  18  1:48  Drone  
  18  1:49  Drone  
  20  2:00  Zergling x2  
  21  2:10  Overlord  
  21  2:29  Lair  
  21  2:46  Metabolic Boost  
  21  2:50  Drone x3  
  24  2:55  Evolution Chamber  
  23  3:00  Baneling Nest  
  21  3:22  Hatchery  
  20  3:45  Hatchery  
  19  3:49  Roach Warren  
  19  3:52  Zerg Ground Armor Level 1  
  19  3:53  Queen  
  20  4:00  Zergling x4  
  20  4:01  Zergling x2  
  23  4:21  Drone  
  24  4:26  Baneling x6  
  24  4:42  Spire  
  24  4:44  Overlord x2  
  23  4:48  Drone  
  23  4:52  Drone x2  
  26  5:04  Centrifical Hooks  
  26  5:08  Roach x2  
  27  5:29  Drone x3  
  27  5:31  Queen  
  32  5:56  Overlord  
  32  5:58  Overlord  
  32  6:02  Zerg Melee Weapons Level 1  
  32  6:06  Mutalisk  
  32  6:07  Mutalisk  
  32  6:09  Drone  
  37  6:11  Zergling x2  
  37  6:17  Glial Reconstitution  
  38  6:23  Drone x3  
  41  6:44  Zergling x14  
  44  7:29  Baneling  
  42  7:30  Baneling x15  
  42  8:01  Drone x3  
  42  8:04  Drone x5  
  42  8:08  Extractor  
  41  8:13  Extractor  
  41  8:17  Mutalisk  
  41  8:18  Mutalisk  
  44  8:37  Hatchery  
  44  8:38  Hatchery  
  42  8:43  Hatchery  
  41  9:11  Mutalisk x3  
  47  9:28  Overlord  
  47  9:29  Overlord  
  47  9:33  Mutalisk  
  47  9:34  Mutalisk x2  
  53  9:46  Zerg Flyer Weapons Level 1  
  53  10:14  Drone x4  
  57  10:22  Zergling x2  
  57  10:23  Zergling x36  
  76  10:46  Mutalisk x7  
  90  10:59  Drone x5  
  70  12:26  Mutalisk  
  70  12:27  Mutalisk x10  
  61  13:50  Mutalisk x7  
  71  14:02  Mutalisk  
  71  14:05  Zergling x14  
  71  14:06  Zergling x8  
  84  14:22  Drone x5  
  40  15:42  Roach  
  42  15:43  Roach x14  
  70  16:17  Mutalisk  
  70  16:18  Mutalisk x7  
  74  16:20  Mutalisk  
  68  16:43  Mutalisk x10  
  68  16:44  Mutalisk x5  
  70  17:01  Extractor x2  
  68  17:05  Hatchery  
  35  17:43  Zerg Flyer Armor Level 1  
  35  17:44  Infestation Pit  
  34  17:48  Mutalisk  
  36  18:20  Hatchery  
  36  18:21  Extractor  
  36  18:24  Extractor, Drone  
  34  18:28  Drone x3  
  37  18:34  Drone  
  37  18:35  Drone x3  
  41  19:08  Mutalisk  
  41  19:09  Mutalisk x6  
  55  19:15  Mutalisk x5  
  65  19:24  Mutalisk  
  65  19:25  Mutalisk x5  
  77  20:12  Mutalisk  
  77  20:13  Mutalisk x5  
  89  20:31  Drone  
  89  20:32  Drone x10  
  62  21:47  Corruptor  
  62  21:48  Corruptor x13  
  62  21:49  Corruptor  
  92  22:03  Zergling x2  
  92  22:04  Zergling x24  
  105  22:18  Hatchery  
  105  22:21  Hatchery  
Show
View Real Time Build Order
Export as new Build Order

TATORREA Protoss - Winner!

Build Orders:  

Get SALT Encoding   

  12  0:02  Probe  
  13  0:20  Probe  
  14  0:22  Pylon  
  14  0:34  Probe  
  15  0:46  Probe  
  15  0:48  Gateway  
  16  1:21  Probe  
  16  1:25  Assimilator  
  17  1:33  Probe  
  17  1:38  Gateway  
  18  1:40  Cybernetics Core  
  18  1:45  Probe  
  19  2:03  Zealot  
  21  2:22  Warp Gate  
  21  2:36  Pylon  
  21  2:39  Pylon  
  21  2:42  Pylon  
  21  2:50  Nexus  
  21  3:10  Probe  
  22  3:14  Assimilator  
  22  3:22  Probe  
  23  3:29  Stalker x2  
  27  3:34  Probe  
  28  3:46  Probe  
  28  3:47  Forge  
  29  3:58  Probe  
  29  4:00  Twilight Council  
  30  4:11  Probe  
  31  4:21  Protoss Ground Weapons Level 1 (Chrono Boost)  
  31  4:28  Zealot  
  31  4:29  Zealot  
  35  4:47  Probe  
  35  4:50  Probe  
  37  4:58  Assimilator  
  37  4:59  Probe  
  38  5:02  Assimilator, Probe  
  38  5:05  Pylon  
  39  5:07  Pylon  
  39  5:11  Pylon, Probe  
  40  5:14  Pylon, Probe  
  40  5:16  Stalker  
  40  5:18  Pylon  
  43  5:23  Probe  
  43  5:24  Stalker  
  43  5:26  Probe  
  47  5:33  Stargate  
  47  5:36  Probe  
  47  5:38  Probe  
  47  5:39  Robotics Facility  
  49  5:50  Probe x2  
  49  5:56  Charge  
  51  6:02  Probe  
  51  6:03  Probe  
  53  6:12  Stalker x2  
  53  6:14  Probe  
  53  6:15  Probe  
  59  6:21  Oracle  
  62  6:26  Probe  
  62  6:28  Immortal  
  49  7:11  Immortal  
  49  7:14  Stalker x2  
  57  7:16  Protoss Ground Weapons Level 2 (Chrono Boost)  
  57  7:52  Stalker x2  
  57  7:57  Void Ray  
  62  7:59  Immortal  
  66  8:10  Protoss Air Weapons Level 1  
  66  8:11  Stargate  
  66  8:13  Robotics Bay  
  66  8:23  Probe  
  67  8:27  Nexus  
  67  8:31  Assimilator  
  67  8:35  Assimilator  
  67  8:39  Immortal  
  67  8:40  Void Ray  
  75  8:43  Stalker x2  
  79  8:55  Void Ray  
  83  9:06  Probe x2  
  85  9:16  Extended Thermal Lance  
  85  9:18  Probe x2  
  87  9:30  Probe  
  87  9:31  Probe  
  89  9:32  Void Ray  
  89  9:37  Void Ray  
  97  9:43  Probe x2  
  99  9:52  Colossus  
  105  9:55  Probe x2  
  108  10:07  Probe x2  
  108  10:12  Probe  
  110  10:15  Void Ray  
  110  10:19  Probe x2  
  116  10:31  Probe  
  117  10:40  Pylon  
  117  10:43  Pylon  
  117  10:47  Pylon  
  117  10:50  Pylon  
  117  10:57  Pylon  
  117  10:58  Probe x2  
  117  11:04  Pylon  
  119  11:06  Pylon  
  119  11:08  Pylon  
  119  11:10  Probe  
  120  11:12  Fleet Beacon  
  120  11:14  Pylon  
  120  11:17  Pylon  
  120  11:21  Pylon  
  120  11:23  Void Ray x2  
  120  11:24  Pylon  
  124  12:15  Observer (Chrono Boost)  
  121  13:13  Pylon  
  121  13:16  Pylon  
  121  13:19  Pylon  
  121  13:24  Pylon  
  121  13:26  Pylon  
  121  13:30  Pylon  
  121  13:32  Pylon  
  121  13:39  Pylon  
  121  13:43  Pylon  
  106  14:22  Immortal  
  90  14:27  Void Ray x2  
  74  14:31  Stalker x2  
  78  14:40  Protoss Air Weapons Level 2  
  78  14:42  Forge  
  78  14:44  Robotics Bay  
  78  14:58  Nexus  
  78  15:01  Immortal  
  78  15:06  Unknown  
  82  15:10  Void Ray x2  
  82  15:14  Protoss Ground Weapons Level 3 (Chrono Boost)  
  90  15:29  Stalker x2  
  94  15:40  Colossus  
  100  15:53  Carrier  
  106  16:07  Tempest  
  111  16:23  Assimilator  
  111  16:31  Assimilator  
  111  16:33  Colossus  
  117  16:50  Tempest  
  122  17:08  Protoss Air Armor Level 1 (Chrono Boost)  
  116  17:37  Stalker x2  
  116  17:39  Void Ray x2  
  116  17:43  Colossus  
  134  17:59  Protoss Ground Armor Level 1 (Chrono Boost)  
  134  18:22  Void Ray x2  
  142  18:35  Stalker x2  
  142  18:37  Observer  
  147  18:48  Nexus  
  147  18:52  Assimilator  
  147  18:53  Assimilator  
  147  19:05  Void Ray x2  
  155  19:16  Protoss Air Weapons Level 3  
  155  19:35  Stalker x2  
  155  19:37  Colossus  
  165  19:48  Void Ray x2  
  173  20:04  Protoss Shields Level 1  
  151  20:31  Immortal, Carrier x2  
  167  21:10  Immortal  
  104  21:26  Stalker x2  
  108  21:35  Tempest x2  
  118  21:49  Gateway, Immortal  
  118  21:50  Gateway  
  118  21:52  Gateway  
  118  21:54  Gateway  
  122  21:55  Gateway  
  122  21:56  Gateway  
  122  21:57  Gateway  
  122  21:59  Gateway  
  122  22:01  Gateway  
  122  22:18  Tempest x2  
  127  22:26  Nexus  
  127  22:28  Colossus  
  114  23:00  Tempest  
  114  23:01  Tempest  
  124  23:43  Nexus  
  124  23:51  Assimilator  
  124  23:52  Assimilator  
Show
View Real Time Build Order
Export as new Build Order

Sigmar Protoss 

Build Orders:  

Get SALT Encoding   

  12  0:03  Probe  
  13  0:18  Pylon  
  13  0:20  Probe (Chrono Boost)  
  14  0:30  Probe (Chrono Boost)  
  14  0:35  Probe (Chrono Boost)  
  16  0:44  Gateway  
  16  1:08  Probe  
  17  1:19  Pylon  
  17  1:20  Probe  
  17  1:22  Assimilator  
  18  1:28  Gateway  
  18  1:38  Forge  
  18  1:44  Assimilator  
  19  1:47  Probe (Chrono Boost)  
  19  1:57  Probe (Chrono Boost)  
  20  2:02  Probe (Chrono Boost)  
  21  2:13  Probe (Chrono Boost)  
  22  2:20  Probe (Chrono Boost)  
  23  2:28  Cybernetics Core  
  23  2:42  Nexus  
  23  2:45  Zealot x2  
  27  2:56  Photon Cannon  
  26  3:04  Pylon  
  26  3:18  Twilight Council  
  26  3:29  Photon Cannon  
  26  3:41  Pylon  
  26  3:50  Gateway  
  26  3:59  Assimilator, Probe (Chrono Boost)  
  27  4:04  Assimilator  
  29  4:10  Probe (Chrono Boost)  
  29  4:11  Probe (Chrono Boost)  
  30  4:19  Probe (Chrono Boost)  
  30  4:20  Probe (Chrono Boost)  
  31  4:24  Dark Shrine  
  31  4:26  Probe (Chrono Boost)  
  32  4:31  Probe  
  32  4:37  Probe  
  34  4:43  Probe  
  35  4:48  Gateway x2  
  35  4:54  Warp Gate (Chrono Boost)  
  35  4:55  Probe  
  36  5:08  Probe  
  37  5:23  Probe  
  38  5:35  Probe  
  39  5:47  Probe  
  39  5:48  Stalker x3  
  39  5:49  Stalker  
  48  5:52  Adept  
  48  5:56  Pylon  
  50  5:59  Probe (Chrono Boost)  
  51  6:09  Probe (Chrono Boost), Stargate  
  52  6:11  Stargate  
  52  6:17  Stargate x2  
  48  7:04  Dark Templar x2  
  48  7:05  Dark Templar x2  
  48  7:06  Dark Templar  
  58  7:17  Pylon  
  48  8:05  Probe (Chrono Boost)  
  49  8:16  Fleet Beacon  
  49  8:17  Probe (Chrono Boost)  
  49  8:18  Nexus  
  50  8:20  Assimilator  
  50  8:21  Probe (Chrono Boost)  
  50  8:24  Assimilator  
  50  8:25  Dark Templar x2  
  50  8:26  Dark Templar x2  
  59  8:28  Pylon  
  59  8:31  Pylon  
  59  8:32  Probe  
  60  8:44  Probe  
  61  8:50  Dark Templar  
  63  9:18  Shadow Stride (Chrono Boost)  
  63  9:33  Unknown  
  63  9:37  Probe (Chrono Boost)  
  64  9:49  Probe (Chrono Boost)  
  65  9:54  Probe (Chrono Boost)  
  66  10:02  Robotics Facility  
  66  10:03  Pylon, Probe  
  67  10:07  Pylon  
  67  10:15  Probe  
  68  10:51  Protoss Air Weapons Level 1  
  68  10:53  Probe (Chrono Boost)  
  69  11:01  Void Ray (Chrono Boost)  
  69  11:02  Void Ray x2 (Chrono Boost)  
  69  11:03  Void Ray (Chrono Boost)  
  86  11:04  Probe (Chrono Boost)  
  86  11:09  Probe (Chrono Boost)  
  87  11:19  Probe  
  84  11:31  Probe  
  85  11:41  Void Ray x3 (Chrono Boost)  
  101  11:50  Void Ray (Chrono Boost)  
  85  12:29  Void Ray x3  
  65  12:54  Void Ray  
  65  13:12  Void Ray x3  
  77  13:37  Void Ray  
  79  13:55  Void Ray x3  
  87  14:39  Void Ray x3  
  87  14:40  Void Ray  
  103  15:10  Nexus  
  103  15:13  Assimilator  
  103  15:17  Assimilator  
  95  15:22  Void Ray x4  
  99  15:41  Mothership (Chrono Boost)  
  107  15:52  Probe (Chrono Boost)  
  108  16:03  Probe (Chrono Boost)  
  109  16:14  Pylon  
  109  16:16  Pylon  
  109  16:21  Void Ray x2, Pylon, Probe  
  109  16:25  Pylon  
  118  16:33  Probe  
  118  16:37  Pylon  
  119  16:42  Pylon  
  119  16:45  Pylon, Probe  
  120  16:47  Pylon  
  68  17:30  Void Ray x2 (Chrono Boost)  
  68  17:31  Void Ray x2 (Chrono Boost)  
  84  18:00  Probe  
  85  18:06  Void Ray x4  
  85  18:12  Probe  
  102  18:24  Probe  
  103  18:36  Probe  
  104  18:41  Stargate  
  104  18:43  Stargate  
  104  18:48  Probe  
  104  18:49  Void Ray x3  
  117  19:00  Probe  
  118  19:05  Void Ray  
  122  19:12  Probe  
  123  19:22  Dark Templar x2  
  123  19:23  Dark Templar x2  
  131  19:24  Probe  
  132  19:32  Void Ray x3  
  132  19:36  Probe  
  145  19:45  Void Ray  
  145  19:46  Void Ray  
  145  19:48  Void Ray, Probe  
  158  20:14  Void Ray  
  133  20:35  Void Ray  
  133  20:36  Void Ray x2  
  127  20:52  Shield Battery  
  127  20:53  Shield Battery  
  127  20:55  Shield Battery  
  127  20:57  Shield Battery  
  127  20:59  Shield Battery  
  101  22:17  Nexus  
  101  22:20  Assimilator  
  101  22:24  Assimilator  
Show
View Real Time Build Order
Export as new Build Order

JezARG Protoss 

Build Orders:  

Get SALT Encoding   

  12  0:01  Probe (Chrono Boost)  
  13  0:11  Probe (Chrono Boost)  
  14  0:23  Pylon  
  14  0:29  Probe  
  15  0:41  Probe  
  16  0:46  Gateway  
  16  0:55  Gateway  
  16  1:03  Probe  
  17  1:15  Probe  
  18  1:27  Probe  
  19  1:34  Gateway  
  19  1:39  Probe  
  20  1:41  Assimilator  
  20  1:45  Zealot  
  22  1:51  Probe  
  23  1:56  Pylon  
  23  2:11  Cybernetics Core  
  23  2:14  Probe, Zealot  
  26  2:26  Probe  
  27  2:36  Nexus  
  27  2:38  Probe  
  27  2:41  Zealot  
  30  3:13  Pylon  
  30  3:24  Nexus  
  30  3:31  Zealot  
  30  3:32  Probe (Chrono Boost)  
  34  3:42  Probe (Chrono Boost)  
  34  3:47  Probe (Chrono Boost)  
  34  3:53  Assimilator  
  35  3:58  Probe  
  36  4:03  Pylon  
  36  4:10  Probe  
  36  4:11  Forge  
  37  4:22  Sentry  
  37  4:23  Probe (Chrono Boost)  
  40  4:35  Probe (Chrono Boost)  
  40  4:38  Assimilator  
  41  4:40  Probe (Chrono Boost)  
  41  4:42  Assimilator  
  42  4:49  Probe  
  43  5:01  Probe  
  43  5:02  Robotics Facility  
  43  5:04  Stalker  
  46  5:07  Zealot  
  46  5:08  Zealot  
  46  5:18  Probe  
  47  5:30  Probe  
  47  5:34  Photon Cannon, Zealot x2  
  47  5:35  Zealot  
  54  5:42  Probe  
  55  5:54  Probe  
  55  5:55  Immortal  
  60  6:01  Zealot x2  
  60  6:02  Zealot  
  66  6:06  Probe  
  67  6:19  Photon Cannon  
  67  6:20  Photon Cannon  
  67  6:22  Photon Cannon  
  67  6:28  Stalker x2, Shield Battery  
  67  6:30  Shield Battery  
  71  6:33  Photon Cannon  
  71  6:35  Observer  
  69  7:02  Nexus  
  69  7:13  Pylon  
  69  7:23  Pylon  
  69  7:25  Probe (Chrono Boost)  
  69  7:26  Warp Gate (Chrono Boost)  
  69  7:28  Pylon  
  69  7:31  Stalker x3  
  69  7:33  Probe  
  76  7:41  Probe  
  77  7:45  Probe  
  77  7:50  Observer  
  79  7:53  Probe  
  79  7:57  Probe  
  81  8:01  Stalker x3  
  81  8:04  Twilight Council  
  81  8:05  Probe  
  70  8:09  Probe  
  70  8:12  Observer  
  72  8:17  Probe  
  73  8:20  Pylon  
  73  8:25  Photon Cannon  
  73  8:31  Stalker, Probe (Chrono Boost)  
  73  8:33  Photon Cannon, Observer  
  77  8:34  Photon Cannon  
  77  8:37  Probe (Chrono Boost)  
  77  8:39  Charge (Chrono Boost)  
  78  8:47  Probe (Chrono Boost)  
  79  8:48  Pylon  
  79  8:52  Probe (Chrono Boost)  
  79  8:55  Observer  
  81  8:56  Gateway  
  81  9:17  Stalker x2  
  81  9:18  Stalker  
  91  9:31  Immortal  
  91  9:42  Gateway  
  91  9:43  Gateway  
  91  9:45  Gateway  
  91  9:51  Gateway  
  91  9:59  Probe (Chrono Boost)  
  92  10:09  Probe (Chrono Boost)  
  92  10:10  Immortal  
  97  10:14  Probe (Chrono Boost)  
  98  10:25  Pylon  
  98  10:26  Probe  
  99  10:38  Probe  
  99  10:39  Stalker x2  
  99  10:40  Stalker x4  
  99  10:41  Stalker  
  114  11:12  Robotics Bay  
  114  11:16  Zealot x3  
  114  11:17  Zealot x4  
  121  11:49  Pylon  
  112  11:55  Pylon  
  112  11:56  Pylon  
  112  11:57  Pylon  
  112  11:58  Pylon  
  112  12:00  Pylon  
  85  12:23  Pylon  
  85  12:26  Pylon  
  84  12:37  Probe  
  85  12:43  Pylon  
  84  12:49  Probe  
  73  13:01  Probe  
  74  13:13  Probe  
  74  13:17  Probe  
  76  13:25  Probe  
  77  13:27  Stalker x4  
  77  13:28  Stalker x2  
  78  14:03  Pylon  
  78  14:08  Pylon  
  78  14:10  Pylon  
  38  14:35  Stalker x5  
  38  14:36  Stalker  
  48  15:15  Nexus  
  48  15:23  Pylon  
  48  15:26  Pylon  
  48  15:47  Pylon  
  48  16:07  Pylon  
  16  17:19  Probe (Chrono Boost)  
  14  17:30  Probe (Chrono Boost)  
  14  17:55  Stalker x4  
  14  17:56  Stalker x2  
  26  18:22  Stalker  
  26  18:26  Probe (Chrono Boost)  
  29  18:36  Probe (Chrono Boost)  
  30  18:42  Probe  
  31  18:54  Probe  
  32  19:22  Nexus  
  32  19:27  Probe (Chrono Boost)  
  34  19:39  Probe (Chrono Boost)  
  34  19:46  Probe  
  35  19:57  Probe (Chrono Boost)  
  37  20:03  Assimilator  
  37  20:04  Probe (Chrono Boost)  
  38  20:07  Probe (Chrono Boost)  
  38  20:10  Assimilator  
  38  20:12  Probe (Chrono Boost)  
  39  20:22  Probe  
  24  20:59  Probe (Chrono Boost)  
  25  21:10  Probe (Chrono Boost)  
  26  21:15  Probe (Chrono Boost)  
  27  21:25  Probe  
  28  21:37  Probe  
  22  22:03  Probe  
  23  22:15  Nexus  
Tags
 
Add a new tag
Caveats
  • Supply blocks, unpowered buildings, or Contaminate may cause inaccurate times.
  • Supply counts are checked every 10 seconds.